 Dungeon Crawl Stone Soup version 0.29.0-13-gc9e81de378 (console) character file.

Game seed: 7873008554186426331

1388 odiv the Ducker (level 8, -1/52 HPs)
             Began as a Demonspawn Wanderer on Sept 10, 2022.
             Was a Follower of Dithmenos.
             Slain by a shadow (9 damage)
             ... on level 5 of the Dungeon.
             The game lasted 00:24:34 (7296 turns).

odiv the Ducker (Demonspawn Wanderer)               Turns: 7296, Time: 00:24:35

Health: -1/52      AC:  9    Str: 12    XL:     8   Next: 40%
Magic:  9/9        EV: 14    Int: 12    God:    Dithmenos [*.....]
Gold:   277        SH:  0    Dex: 17    Spells: 4/9 levels left

rFire   + + .      SeeInvis .   a - +0 dagger
rCold   . . .      Faith    .   (no shield)
rNeg    . . .      Spirit   .   c - +0 robe
rPois   .          Reflect  .   (no helmet)
rElec   .          Harm     .   v - scarf {+Inv}
rCorr   .          Rampage  .   (no gloves)
Will    .....                   e - +0 pair of boots
Stlth   +++.......              (no amulet)
HPRegen 0.17/turn               A - ring of protection from fire
MPRegen 0.11/turn               F - ring of protection from fire

@: sanguine armoured, hasted, wreathed by umbra, very quick
A: spiny 1, sanguine armour 1, demonic magic 2, weakness stinger 1
a: Renounce Religion, Evoke Invisibility


You were on level 5 of the Dungeon.
You worshipped Dithmenos.
Dithmenos was aware of your devotion.
You visited 2 branches of the dungeon, and saw 6 of its levels.
You also visited: Sewer.

You collected 277 gold pieces.

Inventory:

Hand Weapons
 a - a +0 dagger (weapon)
 b - a +2 vampiric whip
 y - a +1 whip of flaming
 K - a +0 spear
 L - a +0 vampiric hand axe
Missiles
 f - 51 stones
 D - 15 poisoned darts
 J - 6 boomerangs
Armour
 c - a +0 robe (worn)
 e - a +0 pair of boots (worn)
 h - a +2 kite shield
 v - a scarf of invisibility (worn)
Jewellery
 A - a ring of protection from fire (left hand)
 F - a ring of protection from fire (right hand)
Wands
 B - a wand of polymorph (7)
Scrolls
 i - 3 scrolls of teleportation {unknown}
 l - 2 scrolls of immolation
 n - a scroll of blinking {unknown}
 o - a scroll of poison {unknown}
 q - a scroll of fear {unknown}
 r - a scroll of summoning
 s - a scroll of noise {unknown}
 t - a scroll of brand weapon {unknown}
 x - a scroll of amnesia {unknown}
 G - 4 scrolls of torment
 H - a scroll of silence
Potions
 g - 3 potions of haste
 j - a potion of cancellation {unknown}
 k - 2 potions of might {unknown}
 m - 6 potions of curing
 p - 3 potions of heal wounds {unknown}
 u - 4 potions of flight {unknown}
 w - a potion of magic {unknown}
 z - a potion of experience {unknown}
 C - a potion of berserk rage {unknown}
 E - a potion of degeneration {unknown}
 I - a potion of mutation {unknown}
Miscellaneous
 d - a piece from Xom's chessboard (12/15) (quivered)


   Skills:
 + Level 3.4 Short Blades
 + Level 5.1 Dodging
 + Level 4.9 Stealth
 - Level 1.0 Spellcasting
 - Level 4.0 Summonings
 - Level 5.0 Translocations
 + Level 4.0 Evocations


You had 4 spell levels left.
You knew the following spells:

 Your Spells              Type           Power      Damage    Failure   Level
a - Summon Small Mammal   Summ           40%        N/A       6%          1
b - Apportation           Tloc           24%        N/A       3%          1
c - Gell's Gravitas       Tloc           12%        N/A       12%         3

Your spell library contained the following spells:

 Spells                   Type           Power      Damage    Failure   Level
 Call Canine Familiar     Summ           10%        N/A       17%         3
 Shock                    Conj/Air       0%         1d3       30%         1
 Summon Guardian Golem    Hex/Summ       5%         N/A       36%         3
 Passage of Golubria      Tloc           12%        N/A       36%         4
 Swiftness                Air            0%         N/A       65%         3
 Tukima's Dance           Hex            0%         N/A       65%         3
 Summon Ice Beast         Ice/Summ       5%         N/A       78%         4
 Airstrike                Air            0%         2d(0-16)  96%         4
 Alistair's Intoxication  Tmut/Pois      0%         N/A       100%        5
 Yara's Violent Unravell  Hex/Tmut       0%         3d3       100%        5


Dungeon Overview and Level Annotations

Branches:
Dungeon (5/15)             Temple (1/1) D:4           Sewer (visited)

Altars:
Dithmenos
Hepliaklqana
Vehumet
Xom
Yredelemnul

Annotations:
D:4 4 runed translucent doors, 1 exclusion, Fractals's ghost, amateur DEAM
D:5 exclusion: ogre


Innate Abilities, Weirdness & Mutations

You are partially covered in sharp spines.
When seriously injured, your blood forms armour. (AC +6)
Spells you cast may paralyse nearby enemies.
You have a small tail.


Message History

There are no items here.
The shadow slips into darkness.
The shadow flickers and vanishes!
Deactivating autopickup; reactivate with Ctrl-A.
You swap places.
Your bat hits something but does no damage.
Your bat barely misses something. x2
Your bat hits something but does no damage.
Your bat hits something but does no damage.
The shadow strikes at you from the darkness!
Your blood congeals into armour.
Reactivating autopickup.
Your bat hits the shadow but does no damage.
Your rat bites the shadow but does no damage.
The shadow slips into darkness.
The shadow flickers and vanishes!
Deactivating autopickup; reactivate with Ctrl-A.
Your bat hits something but does no damage.
Your bat hits something but does no damage.
Your rat barely misses something.
Your bat hits something but does no damage.
The shadow strikes at you from the darkness!
Ouch! That really hurt!
* * * LOW HITPOINT WARNING * * *
Reactivating autopickup.
Your bat disappears in a puff of smoke!
The shadow slips into darkness.
The shadow flickers and vanishes!
Deactivating autopickup; reactivate with Ctrl-A.
Okay, then.
You feel better.
The shadow strikes at you from the darkness!
* * * LOW HITPOINT WARNING * * *
Reactivating autopickup.
You feel better.
Your rat barely misses the shadow.
The shadow is struck by your spines. The shadow closely misses you.
You feel yourself speed up.
Your rat bites the shadow but does no damage.
The shadow hits you!
You die...

####......###....÷..........
##.....# ##........#####.
##....## ##.......## ###
##....#####.).....###..
##.....##.............
#....................
##...................
#....r.[...#########
#..@W.....## ##..).....##
##....)....# ###..<.......#
##.†..........#
##.......#.....#
##.......###....# #......###
#....# ##...#### #...##


You could see a shadow (ally target) and a friendly rat (summoned).

Vanquished Creatures
  An ice beast (D:4)
  2 black bears
  2 phantoms (D:4)
  2 necrophages (D:4)
  2 scorpions (D:5)
  A howler monkey (D:5)
  4 hounds
  A jelly (D:5)
  2 gnoll boudas (D:4)
  Jessica (D:2)
  An iguana (D:5)
  A hell rat (Sewer)
  Terence (D:3)
  A hound zombie (D:4)
  14 gnolls
  6 adders
  2 river rats (Sewer)
  An adder zombie (D:4)
  A worm (D:4)
  3 dart slugs
  14 orcs
  10 ball pythons
  2 bats
  9 endoplasms
  4 giant cockroaches
  5 goblins
  4 hobgoblins
  3 jackals (D:4)
  5 quokkas
  6 frilled lizards
  11 kobolds
  7 rats
129 creatures vanquished.

Vanquished Creatures (collateral kills)
  2 adders (D:3)
  2 worms (D:2)
  An orc (D:3)
  2 ball pythons
  2 giant cockroaches
  A hobgoblin (D:1)
  A quokka (D:4)
  2 bats (D:1)
  A rat (Sewer)
14 creatures vanquished.

Grand Total: 143 creatures vanquished

Notes
Turn   | Place    | Note
-------+----------+-------------------------------------------
     0 | D:1      | odiv the Demonspawn Wanderer began the quest for the Orb.
     0 | D:1      | odiv set off with the following items: a +0 dagger, a
                  | scroll of silence, a +0 robe, a piece from Xom's chessboard
                  | (15/15); and the following spells available to memorise:
                  | Summon Small Mammal, Apportation, Gell's Gravitas, Summon
                  | Guardian Golem, Summon Ice Beast.
     0 | D:1      | Reached XP level 1. HP: 13/13 MP: 2/2
    29 | D:1      | Learned a level 1 spell: Summon Small Mammal
   164 | D:1      | Reached skill level 1 in Dodging
   356 | D:1      | Gained mutation: Spells you cast may paralyse adjacent
                  | enemies. [demonic ancestry]
   356 | D:1      | Reached XP level 2. HP: 17/19 MP: 1/3
  1345 | D:2      | Gained mutation: You are partially covered in sharp spines.
                  | [demonic ancestry]
  1345 | D:2      | Reached XP level 3. HP: 21/24 MP: 2/4
  1637 | D:2      | Noticed Jessica
  1778 | D:3      | Reached skill level 1 in Stealth
  1804 | D:3      | Found a glowing drain.
  1823 | D:3      | Gained mutation: You have a small tail. [demonic ancestry]
  1823 | D:3      | Reached XP level 4. HP: 24/30 MP: 2/5
  1839 | Sewer    | Entered a sewer
  2761 | D:3      | Gained mutation: When seriously injured, your blood forms
                  | armour. (AC +6) [demonic ancestry]
  2761 | D:3      | Reached XP level 5. HP: 35/35 MP: 6/6
  2903 | D:3      | Noticed Terence
  2922 | D:3      | Killed Terence
  3718 | D:2      | Killed Jessica
  3751 | D:2      | Found a faded altar of an unknown god.
  4317 | D:4      | Noticed a phantom
  4470 | D:4      | Found a runed translucent gate.
  4470 | D:4      | Found a runed translucent gate.
  4470 | D:4      | Found a runed translucent gate.
  4470 | D:4      | Noticed Fractals's ghost (amateur DEAM)
  4472 | D:4      | Found a basalt altar of Yredelemnul.
  4480 | D:4      | Reached skill level 1 in Short Blades
  4543 | D:4      | Found a runed translucent door.
  4776 | D:4      | Learned a level 1 spell: Apportation
  4832 | D:4      | Reached XP level 6. HP: 30/41 MP: 5/7
  4917 | D:4      | Noticed an ice beast
  4932 | D:4      | Killed an ice beast
  5060 | D:4      | Found a staircase to the Ecumenical Temple.
  5071 | Temple   | Entered the Ecumenical Temple
  5085 | Temple   | Became a worshipper of Dithmenos the Shadowed
  5644 | D:4      | Reached XP level 7. HP: 24/45 MP: 1/8
  6238 | D:5      | Entered Level 5 of the Dungeon
  6346 | D:5      | Noticed a shadow
  6349 | D:5      | Noticed a wraith
  6364 | D:4      | Learned a level 3 spell: Gell's Gravitas
  6391 | D:5      | Reached * piety under Dithmenos
  6569 | D:4      | Gained mutation: Spells you cast may paralyse nearby
                  | enemies. [demonic ancestry]
  6569 | D:4      | Reached XP level 8. HP: 24/52 MP: 4/9
  6801 | D:4      | Reached skill level 5 in Dodging
  7272 | D:5      | Reached skill level 5 in Translocations
  7293 | D:5      | HP: 2/52 [something (31)]
  7296 | D:5      | Slain by a shadow

Illustrated notes

Levels and vault maps discovered:
D:1:      nicolae_arrival_washed_ashore, layout_basic,
          dreamdust_princess_bridge, minmay_tromino_v4_a
D:2:      layout_loops_corners, basic_ecumenical_altar, uniq_jessica
D:3:      layout_basic, gup_sewer_entry_glass, uniq_terence
D:4:      layout_loops_ring, nicolae_yredelemnul_ghost_church,
          minmay_temple_entry_trees, grunt_decor_arrowhead, hex_medium,
          columned_hall_lemuel, minmay_divided_ellipse, uniq_crazy_yiuf_cottage
D:5:      cheibrodos_fzero, layout_layer_cave
Temple:   chequers_temple_sunken

Skill      XL: |  1  2  3  4  5  6  7  8 |
---------------+-------------------------+-----
Dodging        | 1 2 3 4 5 |  5.1
Stealth        | 1 2 3 4 |  4.9
Short Blades   | 1 2 3 |  3.4
Evocations     | 2 3 4 |  4.0
Translocations | 4 5 |  5.0
Spellcasting   | |  1.0
Summonings     | |  4.0

Action                   |  1- 3 |  4- 6 |  7- 9 || total
-------------------------+-------+-------+-------++-------
Melee: Dagger            |    91 |   113 |    50 ||   254
       Punch             |     2 |       |       ||     2
       Tailslap          |       |    15 |     7 ||    22
       Whip              |       |       |    11 ||    11
 Cast: Summon Small Mamm |    26 |    75 |    50 ||   151
Evoke: Piece from Xom's  |     7 |       |     7 ||    14
       Wand              |       |     8 |     1 ||     9
  Use: Scroll            |       |     4 |     2 ||     6
       Potion            |       |       |     3 ||     3
 Stab: Petrified         |     3 |       |     2 ||     5
       Paralysed         |    20 |    35 |    20 ||    75
       Sleeping          |     5 |    14 |       ||    19
       Petrifying        |     1 |       |       ||     1
       Distracted        |       |     1 |       ||     1
Armor: Robe              |    38 |    22 |    12 ||    72
Dodge: Dodged            |    73 |    72 |    83 ||   228
